 Dungeon Crawl Stone Soup version 0.31-a0-1611-g890cdf5628 (webtiles) character file.

Game seed: 5788403479833445416

2934 timneilson the Ruffian (level 9, -6/62 HPs)
             Began as an Octopode Shapeshifter on Jan 9, 2024.
             Was an Initiate of Gozag.
             Mangled by an orc warrior
             ... wielding a +0 war axe
              (13 damage)
             ... in a bailey.
             The game lasted 00:13:27 (6949 turns).

timneilson the Ruffian (Octopode Shapeshifter)      Turns: 6949, Time: 00:13:29

Health: -6/62      AC:  1    Str: 24    XL:     9   Next: 80%
Magic:  9/9        EV: 16    Int: 12    God:    Gozag
Gold:   784        SH:  0    Dex: 17    Spells: 8/8 levels left

rFire   . .          .
                       - Unarmed
rCold   . . .        (no shield)
rNeg    . . .        (helmet currently unavailable)
rPois   .            (no amulet)
rElec   .            o - +6 ring of strength
rCorr   .            a - +6 ring of dexterity
SInv    .            (no ring)
Will    .....        (no ring)
Stlth   ++++         (no ring)
HPRegen 0.30/turn    (no ring)
MPRegen 0.11/turn    (no ring)
                     (no ring)

%: no passive effects
@: beast-form, gold aura, slowed, very slow
A: beast (slay +3), almost no armour, amphibious, 8 rings, camouflage 1,
gelatinous body 1, (nimble swimmer 1), tentacles
a: Begin Untransformation, Renounce Religion, Potion Petition, Call Merchant,
Bribe Branch


You were in a bailey.
You worshipped Gozag.
Gozag was pleased with you.
You were a hulking beast.
You visited 2 branches of the dungeon, and saw 8 of its levels.
You also visited: Bailey.

You collected 867 gold pieces.
You paid 83 gold pieces to Gozag.

Inventory:

Armour
 q - a +1 hat
Jewellery
 a - a +6 ring of dexterity (right tentacle)
 o - a +6 ring of strength (left tentacle)
Talismans
 b - a beast talisman
 c - a flux talisman
 e - a storm talisman
 j - a blade talisman
Wands
 m - a wand of paralysis (6)
 p - a wand of quicksilver (38)
 t - a wand of flame (17)
Scrolls
 d - 2 scrolls of amnesia
 n - 4 scrolls of teleportation
 r - a scroll of poison
 u - a scroll of acquirement {unknown}
Potions
 f - 4 potions of attraction
 g - a potion of curing
 h - a potion of enlightenment {unknown}
 i - 2 potions of magic
 k - 2 potions of mutation {unknown}
 l - 2 potions of resistance {unknown}
 s - a potion of lignification
 w - a potion of might {unknown}


   Skills:
 * Level 6.0 Fighting
 * Level 6.3 Dodging
 + Level 5.9 Stealth
 * Level 6.7 Unarmed Combat
 + Level 3.5 Evocations
 * Level 6.2 Shapeshifting


You had 8 spell levels left.
You didn't know any spells.
Your spell library contained the following spells:

 Spells                   Type           Power      Damage    Failure   Level
 Freeze                   Ice            0%         1d3       32%         1
 Frozen Ramparts          Ice            0%         1d1       69%         3
 Hailstorm                Conj/Ice       0%         3d5       69%         3
 Inner Flame              Hex/Fire       0%         N/A       69%         3
 Summon Ice Beast         Ice/Summ       0%         N/A       69%         3
 Flame Wave               Conj/Fire      0%         2d4       97%         4
 Sticky Flame             Fire/Alch      0%         2d4       97%         4
 Sculpt Simulacrum        Ice/Alch       0%         N/A       100%        6
 Haunt                    Necr/Summ      0%         N/A       100%        7
 Borgnjor's Revivificati  Necr           0%         N/A       100%        8
 Death's Door             Necr           0%         N/A       100%        9


Dungeon Overview and Level Annotations

Branches:
Dungeon (7/15)             Temple (1/1) D:5          Bailey (1/1)

Altars:
Ashenzari
Cheibriados
Dithmenos
Elyvilon
Fedhas
Gozag
Hepliaklqana
Kikubaaqudgha
Makhleb
Nemelex Xobeh
Okawaru
Qazlal
Ru
Sif Muna
Trog
Uskayaw
Vehumet
Wu Jian
Xom
Yredelemnul
Zin
The Shining One

Shops:
D:4 (


Innate Abilities, Weirdness & Mutations

You are a hulking beast.
Your limbs bulge with bestial killing power. (Slay +3)
You cannot wear most types of armour.
You are amphibious.
You can wear up to eight rings at the same time.
Your skin changes colour to match your surroundings (Stealth+).
Your rubbery body absorbs attacks. (AC +1, EV +1)
((You are camouflaged when in or above water. (Stealth+)))
You have tentacles for arms and can constrict up to eight enemies at once.


Message History

The kobold brigand throws a curare-tipped dart.
The curare-tipped dart hits you.
You are poisoned.
You have difficulty breathing.
You feel yourself slow down.
You bludgeon the kobold brigand! Your grab misses the kobold brigand.
The kobold brigand is moderately wounded.
You feel very sick.
An orc warrior comes into view.
It is wielding a +0 war axe and quivering datura-tipped darts.
The kobold brigand hits you with a +0 war axe.
You tentacle-slap the kobold brigand. You grab the kobold brigand.
You squeeze the kobold brigand!
The kobold brigand is severely wounded.
You constrict the kobold brigand.
You feel very sick.
The kobold brigand hits you with a +0 war axe!
* * * LOW HITPOINT WARNING * * *
The kobold brigand misses you.
You feel much better.
You constrict the kobold brigand, but do no damage.
You feel sick.
The kobold brigand hits you with a +0 war axe!
* * * LOW HITPOINT WARNING * * *
The kobold brigand hits you with a +0 war axe.
* * * LOW HITPOINT WARNING * * *
The kobold brigand barely misses you.
The kobold brigand hits you with a +0 war axe.
* * * LOW HITPOINT WARNING * * *
Unknown command.
You feel better.
You constrict the kobold brigand. The kobold brigand misses you.
The kobold brigand is distracted by your dazzling golden aura.
The kobold brigand shouts!
You feel better.
You constrict the kobold brigand!
You kill the kobold brigand!
You hear a shout! x3
The kobold brigand hits you with a +0 war axe!
* * * LOW HITPOINT WARNING * * *
The orc warrior hits you with a +0 war axe!
You die...
Your body crumbles into a pile of gold.

...K..K...K..
.......o....
........... .......K
...... #... ###'###
##..(oh## #...8K..#
#∩..)..∩# ##.....##
####'''####
##~.......~##
#####~~.......~~#####
#....~~.......~~....#
#.###~~.......~~###.#


You could see an orc warrior and a kobold brigand.

Vanquished Creatures
  Pikel (D:5)
  Grinder (D:3)
  A steam dragon (D:7)
  A water moccasin (D:6)
  An orc warrior (Bailey)
  An ice beast (D:5)
  A sky beast (D:6)
  2 ogres (D:5)
  2 centaurs (D:5)
  A lemure (D:5)
  2 phantoms (D:5)
  5 kobold brigands (Bailey)
  2 scorpions (D:5)
  3 hounds
  3 bombardier beetles
  2 gnoll boudas
  A jelly (D:7)
  An orc priest (D:3)
  3 sleepcaps
  5 orc wizards
  Ijyb (D:3)
  Terence (D:2)
  4 iguanas
  8 gnolls
  4 adders
  A shadow imp (D:7)
  A white imp (D:5)
  2 ufetubi (D:5)
  6 dart slugs
  15 orcs
  8 bats
  9 endoplasms
  2 giant cockroaches
  7 goblins
  6 hobgoblins
  9 jackals
  6 ball pythons
  A frilled lizard (D:1)
  13 kobolds
  8 rats
151 creatures vanquished.

Notes
Turn   | Place    | Note
-------+----------+-------------------------------------------
     0 | D:1      | timneilson the Octopode Shapeshifter began the quest for
                  | the Orb.
     0 | D:1      | Reached XP level 1. HP: 13/13 MP: 1/1
    79 | D:1      | Reached XP level 2. HP: 10/18 MP: 2/2
    87 | D:1      | Reached skill level 1 in Stealth
   400 | D:1      | Reached XP level 3. HP: 23/23 MP: 3/3
   709 | D:2      | Noticed Terence
   719 | D:2      | Killed Terence
   720 | D:2      | Reached XP level 4. HP: 22/29 MP: 4/4
   882 | D:2      | You fall into a shaft and drop 1 floor!
  1249 | D:2      | Found a faded altar of an unknown god.
  1662 | D:3      | Reached XP level 5. HP: 34/34 MP: 5/5
  1919 | D:3      | Noticed Grinder
  1930 | D:3      | Killed Grinder
  1931 | D:3      | Reached XP level 6. HP: 31/42 MP: 6/6
  1999 | D:3      | Noticed Ijyb
  2008 | D:3      | Killed Ijyb
  2411 | D:4      | Found a white marble altar of Elyvilon.
  2561 | D:4      | Reached XP level 7. HP: 45/46 MP: 7/7
  2616 | D:4      | Found Nenubb's Antique Weapon Shop.
  3214 | D:5      | Entered Level 5 of the Dungeon
  3582 | D:5      | Noticed Pikel
  3599 | D:5      | Killed Pikel
  3600 | D:5      | Reached skill level 5 in Unarmed Combat
  3600 | D:5      | Reached skill level 1 in Evocations
  3600 | D:5      | Reached XP level 8. HP: 19/54 MP: 8/8
  3838 | D:5      | Reached skill level 5 in Shapeshifting
  3850 | D:5      | Reached skill level 5 in Dodging
  3850 | D:5      | Found a staircase to the Ecumenical Temple.
  3860 | Temple   | Entered the Ecumenical Temple
  3903 | Temple   | Became a worshipper of Gozag Ym Sagoz the Greedy
  4662 | D:5      | Reached skill level 5 in Fighting
  4662 | D:5      | Reached XP level 9. HP: 61/61 MP: 9/9
  4683 | D:5      | Reached skill level 5 in Stealth
  6704 | D:7      | Found a flagged portal.
  6717 | Bailey   | Entered a bailey
  6949 | Bailey   | Mangled by an orc warrior

Illustrated notes

Levels and vault maps discovered:
D:1:      mrwooster_arrival_statue, layout_basic, hangedman_decor_push
D:2:      layout_basic, shapermc_ecumenical_altar_flowoftime, uniq_terence
D:3:      layout_loops_ring, uniq_grinder, uniq_ijyb
D:4:      layout_basic, mainiacjoe_overflow_cross_hatched, serial_shops,
          nicolae_shop_rolling_square
D:5:      minmay_bubble_buster, layout_loops_corners,
          minmay_temple_entry_stoned_glass, palyth_stone_intersect, hex_tiny,
          uniq_pikel
D:6:      layout_basic
D:7:      layout_gridville, enter_bailey_2
Temple:   kilobyte_greek_temple
Bailey:   bailey_axe_3, bailey

Skill      XL: |  1  2  3  4  5  6  7  8  9 |
---------------+----------------------------+-----
Stealth        | 1 2 3 4 5 |  5.9
Fighting       | 2 3 4 5 6 |  6.0
Dodging        | 3 4 5 6 |  6.3
Unarmed Combat | 4 5 6 |  6.7
Shapeshifting  | 4 5 6 |  6.2
Evocations     | 1 2 3 |  3.5

Action                     |  1- 3 |  4- 6 |  7- 9 || total
---------------------------+-------+-------+-------++-------
  Melee: Unarmed           |    56 |    87 |   197 ||   340
         Constrict         |    12 |    19 |    45 ||    76
         Tentacles         |    10 |    22 |    50 ||    82
         Punch             |     1 |     7 |    14 ||    22
    Use: Scroll            |     3 |     2 |     5 ||    10
         Potion            |       |       |     6 ||     6
   Stab: Sleeping          |     8 |     9 |    17 ||    34
         Distracted        |       |       |     1 ||     1
 Armour: Skin              |    19 |    18 |   117 ||   154
  Dodge: Dodged            |    40 |    30 |   110 ||   180

Table legend: (Time is in decaauts)
 A = Elapsed time spent in this place.
 B = Non-inter-level travel time spent in this place.
 C = Inter-level travel time spent in this place.
 D = Time resting spent in this place.
 E = Time spent auto-exploring this place.
 F = Levels seen in this place.
 G = Mean time per level.
                   A        B        C        D        E       F      G
               +--------+--------+--------+--------+--------+-----+--------+
         Total |   6919 |   6677 |    242 |    572 |   4630 |   9 |  768.8 |
       Dungeon |   6602 |   6427 |    175 |    495 |   4571 |   7 |  943.1 |
        Temple |     85 |     18 |     67 |      0 |      0 |   1 |   85.0 |
        Bailey |    230 |    230 |      0 |     77 |     59 |   1 |  230.0 |
               +--------+--------+--------+--------+--------+-----+--------+

Top non-repeatable levels by time:
     D:5: 1672 daAuts
     D:6: 1095 daAuts
     D:4: 1025 daAuts
     D:2: 899 daAuts
     D:3: 816 daAuts
     D:1: 608 daAuts
     D:7: 483 daAuts
  Bailey: 230 daAuts
  Temple: 85 daAuts
